 Dungeon Crawl Stone Soup version 0.21.1-1-g345015f (webtiles) character file.

3 tidbits the Grave Robber (level 1, -1/13 HPs)
             Began as a Gnoll Necromancer on June 26, 2018.
             Slain by a worm (2 damage)
             ... on level 2 of the Dungeon.
             The game lasted 00:01:02 (111 turns).

tidbits the Grave Robber (Gnoll Necromancer)         Turns: 111, Time: 00:01:03

Health: -1/13      AC:  2    Str: 10    XL:     1   Next: 50%
Magic:  4/6        EV: 18    Int: 17    God:
Gold:   0          SH:  0    Dex: 15    Spells: 8/9 levels left

rFire    . . .     SeeInvis .   g - +1 rapier (drain)
rCold    . . .     Gourm    .   (no shield)
rNeg     . . .     Faith    .   a - +0 robe
rPois    .         Spirit   .   (no helmet)
rElec    .         Reflect  .   (no cloak)
rCorr    .         Harm     .   (no gloves)
MR       .....                  (no boots)
Stlth    +++.......             (no amulet)
HPRegen  0.04/turn              d - +4 ring of evasion
MPRegen  0.10/turn              f - ring of flight

@: no status effects
A: distributed training, fangs 1, strong nose
a: Evoke Flight


You were on level 2 of the Dungeon.
You were not hungry.

You visited 1 branch of the dungeon, and saw 4 of its levels.

Inventory:

Hand Weapons
 g - a +1 rapier of draining (weapon)
   (You found it on level 3 of the Dungeon)
Armour
 a - a +0 robe (worn)
Jewellery
 d - a +4 ring of evasion (left hand)
   (You found it on level 2 of the Dungeon)
 f - a ring of flight (right hand)
   (You found it on level 3 of the Dungeon)
Scrolls
 e - a scroll of fear {unknown}
 h - a scroll of identify {unknown}
 i - a scroll of teleportation {unknown}
Books
 b - a book of Necromancy

   Spells                             Type                      Level
   a - Pain                           Necromancy                   1
   b - Animate Skeleton               Necromancy                   1
   c - Vampiric Draining              Necromancy                   3
   d - Regeneration                   Charms/Necromancy            3
   e - Animate Dead                   Necromancy                   4
   f - Borgnjor's Vile Clutch         Necromancy/Earth             5
Comestibles
 c - a ration


   Skills:
 + Level 0.0 Fighting
 + Level 0.0 Short Blades
 + Level 0.0 Long Blades
 + Level 0.0 Axes
 + Level 0.0 Maces & Flails
 + Level 0.0 Polearms
 + Level 0.0 Staves
 + Level 0.0 Slings
 + Level 0.0 Bows
 + Level 0.0 Crossbows
 + Level 0.0 Throwing
 + Level 0.0 Armour
 + Level 4.4 Dodging
 + Level 4.0 Stealth
 + Level 0.0 Shields
 + Level 0.0 Unarmed Combat
 + Level 4.8 Spellcasting
 + Level 0.0 Conjurations
 + Level 0.0 Hexes
 + Level 0.0 Charms
 + Level 0.0 Summonings
 + Level 7.0 Necromancy
 + Level 0.0 Translocations
 + Level 0.0 Transmutations
 + Level 0.0 Fire Magic
 + Level 0.0 Ice Magic
 + Level 0.0 Air Magic
 + Level 0.0 Earth Magic
 + Level 0.0 Poison Magic
 + Level 0.1 Invocations
 + Level 0.0 Evocations


You had 8 spell levels left.
You knew the following spells:

 Your Spells              Type           Power        Failure   Level  Hunger
a - Pain                  Necr           ####         1%          1    None


Dungeon Overview and Level Annotations

Branches:
Dungeon (4/15)
 Temple: D:4-7

Altars:

Annotations:
D:4 Menkaure


Innate Abilities, Weirdness & Mutations

Your experience applies equally to all skills.
You have very sharp teeth.
Your uncanny sense of smell can sniff out nearby items.


Message History

There is a stone staircase leading down here.
You climb downwards.
A bat comes into view.
Found three items.
Found a stone staircase leading up.
There is a stone staircase leading up here.
Casting: Pain
Confirm with . or Enter, or press ? or * to list all spells.
Aiming: Pain
Press: ? - help, Shift-Dir - straight line, f - bat
Aim: a bat (resting, chance to defeat MR: 93%)
The bat writhes in agony!
You kill the bat!
You see here a shiny marble ring.
f - a shiny marble ring Put on which piece of jewellery? (? for menu, Esc to quit)
f - a ring of flight (right hand)
You see here a runed rapier.
g - a runed rapier Wield which item (- for none, * to show all)? (? for menu, Esc to quit)
You sense an unholy aura.
g - a +1 rapier of draining (weapon)
There is a stone staircase leading up here.
You climb upwards.
There is a stone staircase leading down here.
Unknown command.
Found a ration.
Okay, then.
There is a stone staircase leading down here.
You climb downwards.
There is a stone staircase leading up here.
Unknown command.
You see here a scroll labeled HUCUCOUQAK.
h - a scroll labeled HUCUCOUQAK
Found a stone staircase leading down.
There is a stone staircase leading down here.
You climb downwards.
An adder and Menkaure come into view.
Found a scale mail, a dagger, a robe and 3 gold pieces.
Found an escape hatch in the floor.
There is a stone staircase leading up here.
Unknown command.
You climb upwards.
There is a stone staircase leading down here.
Unknown command.
A kobold comes into view. It is wielding an enchanted dagger.
The kobold throws a stone.
The stone completely misses you.
You see here a stone.
The kobold throws a stone.
The stone misses you.
Found a scroll labeled ELUN CIPESH, 16 arrows and 4 gold pieces.
You see here a stone.
Casting: Pain
Confirm with . or Enter, or press ? or * to list all spells.
Aiming: Pain
Press: ? - help, Shift-Dir - straight line, f - kobold
Aim: a kobold, wielding an enchanted dagger (chance to defeat MR: 93%)
The kobold writhes in agony!
The kobold throws a stone.
The stone misses you.
Casting: Pain
Confirm with . or Enter, or press ? or * to list all spells.
Aiming: Pain
Press: ? - help, Shift-Dir - straight line, f/p - kobold
Aim: a kobold, wielding an enchanted dagger (heavily wounded, chance to defeat MR: 93%)
The kobold writhes in agony!
You kill the kobold!
A jackal comes into view.
The jackal moves out of view.
Found a stone staircase leading up.
You see here a scroll labeled ELUN CIPESH.
i - a scroll labeled ELUN CIPESH A jackal comes into view.
Things that are here:
an enchanted dagger; 2 stones
There is a stone staircase leading up here.
You climb upwards.
A worm comes into view.
Found a tourmaline ring.
There is a stone staircase leading down here.
You see here a tourmaline ring.
You barely miss the worm. You hit the worm.
You bite the worm, but do no damage.
The worm is moderately wounded.
The worm bites you!
Ouch! That really hurt!
* * * LOW HITPOINT WARNING * * *
You hit the worm.
The worm is moderately wounded.
The worm barely misses you.
Casting: Pain
Confirm with . or Enter, or press ? or * to list all spells.
Aiming: Pain
Press: ? - help, Shift-Dir - straight line, f - worm
Aim: a worm (moderately wounded, chance to defeat MR: 89%)
The worm writhes in agony!
Casting: Pain
Confirm with . or Enter, or press ? or * to list all spells.
Aiming: Pain
Press: ? - help, Shift-Dir - straight line, f/p - worm
Aim: a worm (heavily wounded, chance to defeat MR: 89%)
The worm writhes in agony!
The worm bites you.
You die...

.... .# ... .#
.. .. .# .#..
#.##.####
....##.......#
##...#.......#
#.......w....#
#..#....@....#
#............#
#..##........#
#.....>..#.###
#.###.##.#.#
... #.#.. #.#.
#.# ## #.#.
... # ## #..


You could see a worm.

Vanquished Creatures
  2 kobolds
  A bat (D:3)
3 creatures vanquished.

Notes
Turn   | Place    | Note
-------+----------+-------------------------------------------
     0 | D:1      | tidbits the Gnoll Necromancer began the quest for the Orb.
     0 | D:1      | Reached XP level 1. HP: 13/13 MP: 6/6
    82 | D:4      | Noticed Menkaure
   108 | D:2      | HP: 1/13 [worm (11)]
   111 | D:2      | Slain by a worm

Action                   || total
-------------------------++-------
Melee: Rapier            ||     3
       Bite              ||     1
 Cast: Pain              ||     6
Dodge: Dodged            ||     4

Table legend:
 A = Turns spent in this place as a percentage of turns spent in the entire game.
 B = Non-inter-level travel turns spent in this place as a percentage of non-inter-level travel turns spent in the entire game.
 C = Inter-level travel turns spent in this place as a percentage of turns spent in this place.
 D = Turns resting spent in this place as a percentage of non-inter-level travel turns spent in this place.
 E = Turns spent auto-exploring this place as a percentage of non-inter-level travel turns spent in this place.
 F = Non-inter-level travel turns spent in this place divided by the number of levels of this place that you've seen.
                   A       B       C       D       E      F
               +-------+-------+-------+-------+-------+----------------------
         Total | 100.0 | 100.0 |   0.0 |   0.0 |   0.0 |  27.8
       Dungeon | 100.0 | 100.0 |   0.0 |   0.0 |   0.0 |  27.8
               +-------+-------+-------+-------+-------+----------------------

Table legend:
 A = Kills in this place as a percentage of kills in entire the game.
 B = Kills by you in this place as a percentage of kills by you in the entire game.
 C = Kills by friends in this place as a percentage of kills by friends in the entire game.
 D = Other kills in this place as a percentage of other kills in the entire game.
 E = Experience gained in this place as a percentage of experience gained in the entire game.
 F = Experience gained in this place divided by the number of levels of this place that you have seen.
                   A       B       C       D       E      F
               +-------+-------+-------+-------+-------+----------------------
         Total | 100.0 | 100.0 |   N/A |   N/A | 100.0 |   1.2
       Dungeon | 100.0 | 100.0 |   N/A |   N/A | 100.0 |   1.2
               +-------+-------+-------+-------+-------+----------------------

Vault maps used:
D:1:      minmay_arrival_jagged
D:2:      chequers_ecumenical_altar_simple
D:3:      lemuel_upstairs_altar
D:4:      uniq_crazy_yiuf_cottage, uniq_blork_the_orc, uniq_menkaure
